Map: 프리온 단구

Players

True

  • Race: Zerg Zerg
  • League: Grandmaster

Scarlett - Winner!

  • Race: Zerg Zerg
  • League: Diamond

VOD

Have the link to the VOD?

Description

Time

  • Played on: April 14, 2016, 2:26 a.m.
  • Length: 12:18
Show
View Real Time Build Order
Export as new Build Order

True Zerg 

Build Orders: Hatch First 

Get SALT Encoding   

  12  0:00  Drone  
  13  0:12  Overlord  
  13  0:17  Drone  
  14  0:31  Drone x2  
  14  0:34  Drone  
  17  0:51  Hatchery  
  17  0:55  Drone  
  17  1:07  Spawning Pool  
  17  1:10  Drone  
  17  1:12  Extractor  
  17  1:15  Drone  
  17  1:18  Drone  
  18  1:27  Drone  
  19  1:38  Overlord  
  19  1:56  Queen  
  19  1:57  Zergling x2  
  19  2:00  Zergling x2  
  23  2:02  Queen  
  23  2:04  Zergling x2  
  25  2:10  Zergling x2  
  25  2:16  Zergling x2  
  25  2:21  Zergling x2  
  26  2:28  Spine Crawler, Zergling x2  
  26  2:32  Zergling x2  
  26  2:36  Zergling x2  
  28  2:53  Metabolic Boost  
  28  2:58  Queen  
  29  3:07  Queen  
  29  3:16  Zergling x4  
  29  3:19  Zergling x2  
  28  3:21  Zergling x2  
  28  3:24  Zergling x2  
  28  3:29  Zergling x2  
  28  3:31  Zergling x2  
  30  3:39  Zergling x2  
  31  3:42  Zergling x2  
  27  3:49  Zergling x4  
  23  4:19  Zergling x6  
  26  4:30  Zergling x2  
  23  4:36  Queen  
  21  4:39  Baneling Nest  
  20  4:46  Hatchery  
  20  4:50  Zergling x2  
  20  4:55  Drone  
  20  5:03  Drone  
  21  5:14  Queen  
  23  5:25  Baneling x2  
  23  5:26  Baneling x2  
  23  5:27  Drone  
  23  5:28  Drone  
  25  5:34  Drone  
  26  5:47  Overlord  
  26  5:48  Drone x2  
  28  5:50  Drone  
  29  6:03  Zergling x4  
  29  6:21  Zergling x2  
  29  6:22  Drone  
  29  6:23  Drone x3  
  29  6:24  Drone  
  29  6:25  Drone  
  35  6:35  Zergling x10  
  35  6:38  Lair  
  40  6:44  Extractor  
  40  6:45  Zergling x4  
  41  6:59  Overlord  
  41  7:04  Zergling x2  
  41  7:05  Overlord, Zergling x6  
  43  7:14  Overlord  
  43  7:17  Overlord, Queen  
  43  7:18  Baneling x3  
  43  7:19  Baneling  
  45  7:25  Zergling x4  
  40  7:30  Zergling x4  
  40  7:32  Zergling x2  
  43  7:39  Baneling x4  
  43  7:46  Zergling x6  
  43  7:50  Queen  
  46  7:51  Zergling x4  
  45  8:11  Queen  
  47  8:16  Nydus Network  
  47  8:17  Zergling x10  
  51  8:21  Zergling x2  
  51  8:23  Zergling x4  
  51  8:26  Zergling x2  
  55  8:31  Zergling x4  
  55  8:33  Zergling x2  
  57  8:37  Zergling x2  
  57  8:39  Zergling x2  
  59  8:45  Queen  
  59  8:47  Baneling  
  61  8:55  Nydus Canal  
  60  8:57  Zergling x4  
  61  9:07  Zergling x2  
  61  9:08  Zergling x2  
  58  9:12  Zergling x2  
  58  9:13  Zergling x4  
  58  9:15  Zergling x2  
  58  9:16  Zergling x2  
  55  9:17  Zergling x2  
  55  9:18  Zergling x2  
  55  9:19  Zergling x2  
  55  9:24  Nydus Canal  
  55  9:25  Zergling x2  
  55  9:28  Zergling x2  
  55  9:39  Queen  
  56  9:47  Queen  
  56  9:49  Baneling x6  
  56  9:51  Zergling x2  
  59  9:53  Baneling x2  
  49  10:08  Zergling x8  
  49  10:09  Zergling x4  
  47  10:14  Zergling x2  
  47  10:16  Zergling x2  
  47  10:19  Zergling x2  
  47  10:21  Queen  
  46  10:24  Baneling x2  
  47  10:34  Spore Crawler  
  47  10:35  Queen  
  46  10:39  Baneling x5  
  48  10:47  Baneling x4  
  48  10:51  Zergling x4  
  48  10:52  Zergling x2  
  48  10:53  Baneling x2  
  48  10:56  Zergling x2  
  46  11:04  Zergling x4  
  46  11:05  Zergling x2  
  46  11:06  Zergling x2  
  46  11:09  Zergling x2  
  46  11:10  Zergling x2  
  52  11:14  Zergling x2  
  52  11:15  Zergling x2  
  52  11:16  Baneling  
  52  11:17  Baneling  
  54  11:31  Zergling x2  
  50  11:33  Baneling x5  
  50  11:34  Baneling x3  
  50  11:37  Zergling x4  
  50  11:38  Zergling x2  
  35  11:54  Zergling x2  
Show
View Real Time Build Order
Export as new Build Order

Scarlett Zerg - Winner!

Build Orders: Pool First, Zergling Baneling 

Get SALT Encoding   

  12  0:18  Spawning Pool  
  11  0:22  Drone  
  11  0:26  Drone  
  13  0:31  Drone  
  13  0:33  Extractor  
  13  0:43  Drone  
  13  0:47  Overlord  
  14  1:06  Zergling x4  
  14  1:08  Queen  
  18  1:17  Zergling x2  
  19  1:27  Zergling x2  
  20  1:34  Metabolic Boost  
  20  1:37  Zergling x2  
  21  1:50  Zergling x2  
  22  1:57  Baneling Nest  
  22  2:00  Overlord  
  21  2:17  Overlord  
  21  2:18  Zergling x4  
  23  2:25  Zergling x4  
  25  2:36  Zergling x2  
  26  2:46  Baneling  
  26  2:47  Zergling x2  
  26  2:50  Zergling x6  
  29  3:00  Baneling x2  
  29  3:01  Baneling  
  29  3:02  Zergling x2  
  29  3:17  Zergling x2  
  29  3:22  Baneling  
  29  3:24  Baneling  
  29  3:26  Drone x2  
  28  3:43  Zergling x6  
  29  4:01  Hatchery  
  28  4:05  Baneling  
  28  4:06  Baneling  
  24  4:18  Zergling x2  
  24  4:19  Zergling x4  
  23  4:31  Drone  
  23  4:32  Drone x2  
  23  4:42  Baneling  
  23  4:48  Zergling x6  
  25  5:06  Baneling  
  25  5:12  Queen  
  25  5:13  Baneling x2  
  27  5:16  Queen  
  29  5:23  Drone  
  29  5:24  Drone  
  31  5:28  Drone  
  31  5:29  Drone  
  31  5:32  Drone  
  34  5:41  Drone x2  
  36  5:44  Drone  
  36  5:48  Drone  
  36  5:49  Drone  
  38  5:59  Overlord  
  38  6:02  Lair  
  35  6:23  Drone  
  35  6:24  Drone x8  
  43  6:32  Extractor  
  42  6:33  Extractor  
  42  6:37  Spine Crawler  
  42  6:38  Overlord  
  40  6:48  Drone  
  40  6:49  Drone x5  
  40  6:52  Extractor  
  45  7:00  Zergling x2  
  45  7:01  Zergling x4  
  47  7:09  Spire, Zergling x6  
  47  7:14  Baneling x3  
  49  7:29  Queen  
  48  7:31  Baneling x6  
  48  7:32  Queen  
  50  7:41  Spine Crawler  
  49  7:45  Spine Crawler  
  48  7:52  Baneling x4  
  47  8:04  Overlord  
  47  8:05  Drone x4  
  53  8:17  Overlord, Drone x3  
  53  8:18  Overlord  
  58  8:22  Mutalisk x2  
  58  8:24  Mutalisk  
  62  8:33  Mutalisk  
  61  8:35  Mutalisk  
  61  8:39  Mutalisk  
  65  8:42  Mutalisk  
  65  8:45  Zergling x10  
  72  8:53  Mutalisk  
  74  9:05  Mutalisk  
  74  9:06  Zergling x2  
  74  9:07  Zergling x2  
  74  9:10  Queen  
  71  9:40  Mutalisk x2  
  71  9:43  Zergling x12  
  80  9:45  Queen  
  80  9:51  Baneling x6  
  61  10:18  Mutalisk x2  
  61  10:19  Zergling x10  
  67  10:23  Spine Crawler, Queen  
  67  10:24  Spine Crawler  
  67  10:26  Spine Crawler  
  67  10:27  Spine Crawler  
  67  10:28  Queen  
  67  10:33  Mutalisk  
  69  10:46  Drone x4  
  73  10:54  Baneling x5  
  73  10:59  Spine Crawler  
  71  11:06  Mutalisk  
  71  11:11  Zergling x8  
  74  11:14  Queen  
  79  11:18  Overlord  
  79  11:24  Mutalisk  
  77  11:34  Spine Crawler  
  77  11:35  Spine Crawler  
  77  11:38  Spine Crawler  
  71  11:58  Spine Crawler, Zergling x12  
  71  12:00  Spine Crawler  
Tags
 
Add a new tag
Caveats
  • Supply blocks, unpowered buildings, or Contaminate may cause inaccurate times.
  • Supply counts are checked every 10 seconds.